 Dungeon Crawl Stone Soup version 0.27-a0-760-gc38aae387d (webtiles) character file.

Game seed: 444902328940629167

29 polve the Sneak (level 3, 0/22 (23) HPs)
             Began as a Kobold Delver on Mar 24, 2021.
             Succumbed to kobold brigand's curare-tipped dart
             ... on level 3 of the Dungeon.
             The game lasted 00:01:39 (1098 turns).

polve the Sneak (Kobold Delver)                     Turns: 1098, Time: 00:01:40

HP:   0/22 (23)     AC:  3    Str: 10    XL:     3   Next: 32%
MP:   3/3           EV: 14    Int: 11    God:
Gold: 2             SH:  0    Dex: 16    Spells: 2/2 levels left

rFire    . . .     SeeInvis .   a - +0 short sword
rCold    . . .     Faith    .   (shield restricted)
rNeg     . . .     Spirit   .   b - +0 leather armour
rPois    .         Reflect  .   (no helmet)
rElec    .         Harm     .   (no cloak)
rCorr    .         Rampage  .   (no gloves)
Will     .....                  (no boots)
Stlth    +++++.....             (no amulet)
HPRegen  0.07/turn              (no ring)
MPRegen  0.08/turn              (no ring)

@: lethally poisoned (0 -> -18), slowed, lightly drained, very slow
A: small, no large weapons, nightstalker 3
a: no special abilities


You were on level 3 of the Dungeon.
You visited 1 branch of the dungeon, and saw 3 of its levels.

You collected 2 gold pieces.

Inventory:

Hand Weapons
 a - a +0 short sword (weapon)
Armour
 b - a +0 leather armour (worn)
Wands
 g - a wand of digging (3)
Scrolls
 c - a scroll of fog
 d - a scroll of magic mapping
 e - a scroll of fear


   Skills:
 - Level 3.2 Fighting
 - Level 2.6 Short Blades
 - Level 2.4 Dodging
 + Level 7.9 Stealth


You had 2 spell levels left.
You didn't know any spells.
Your spell library was empty.

Dungeon Overview and Level Annotations

Branches:
Dungeon (5/15)
 Temple: D:4-7

Altars:

Annotations:
D:4 Robin


Innate Abilities, Weirdness & Mutations

You are small and have problems with some larger weapons.
You are completely attuned to the shadows.


Message History

The kobold is heavily wounded.
You barely miss the kobold.
The kobold is heavily wounded.
The kobold closely misses you.
The kobold brigand hits you with a +1 dagger of draining.
You feel drained.
You are too injured to fight recklessly!
You are too injured to fight recklessly!
You are too injured to fight recklessly!
You are too injured to fight recklessly!
You are too injured to fight recklessly!
You are too injured to fight recklessly!
You are too injured to fight recklessly!
You are too injured to fight recklessly!
You are too injured to fight recklessly!
You are too injured to fight recklessly!
You are too injured to fight recklessly!
You are too injured to fight recklessly!
You are too injured to fight recklessly!
You are too injured to fight recklessly!
You are too injured to fight recklessly!
You are too injured to fight recklessly!
You are too injured to fight recklessly!
You are too injured to fight recklessly!
You are too injured to fight recklessly!
You are too injured to fight recklessly!
You are too injured to fight recklessly!
The kobold closely misses you.
The kobold brigand throws a curare-tipped dart.
The curare-tipped dart completely misses you.
Items here: ! ) [ †.
The kobold brigand throws a curare-tipped dart.
The curare-tipped dart barely misses you.
The kobold brigand throws a curare-tipped dart.
The curare-tipped dart hits you.
You are lethally poisoned!
You have difficulty breathing.
You feel yourself slow down.
Things that are here:
a +0 club; a hobgoblin skeleton You die...

......# #.#
.....K########.#
###.......)...#
#####.####### #)#
#.## ########..##
###...).###..##
######..KKK..)@....#
#.......#####....#.#
......###≈≈≈####.#.#
.######≈≈≈≈≈≈≈ ..# #
≈≈≈≈≈≈≈ ##


You could see a kobold brigand.

Vanquished Creatures
  A shadow imp (D:3)
  An orc (D:5)
  A ball python (D:3)
  A giant cockroach (D:3)
  4 goblins
  4 hobgoblins (D:3)
  5 kobolds (D:3)
  A rat (D:3)
18 creatures vanquished.

Notes
Turn   | Place    | Note
-------+----------+-------------------------------------------
     0 | D:5      | polve the Kobold Delver began the quest for the Orb.
     0 | D:5      | Reached XP level 1. HP: 14/14 MP: 1/1
    50 | D:4      | Noticed Robin
    61 | D:3      | Reached skill level 7 in Stealth
    72 | D:3      | Reached XP level 2. HP: 10/19 MP: 2/2
   710 | D:3      | Reached XP level 3. HP: 23/23 MP: 3/3
  1084 | D:3      | Noticed a kobold brigand
  1086 | D:3      | Noticed a kobold brigand
  1098 | D:3      | Succumbed to kobold brigand's curare-tipped dart

Illustrated notes

Levels and vault maps discovered:
D:3:      cheibrodos_thug_alley, layout_basic, zin_statuary
D:4:      layout_rooms, okawaru_gym_becter, ebering_ghost_rock_garden,
          uniq_robin, uniq_crazy_yiuf_cottage, uniq_grinder
D:5:      layout_loops_ring, lemuel_round_altar, kennysheep_slug_shrine,
          minmay_temple_entry_offerings, serial_glass, glass_columns_a,
          glass_columns_b, glass_columns_a

Skill      XL: |  1 |
---------------+----+-----
Stealth        | 7 |  7.9
Fighting       | |  3.2
Short Blades   | |  2.6
Dodging        | |  2.4

Action                   || total
-------------------------++-------
Melee: Short sword       ||    69
  Use: Potion            ||     1
 Stab: Sleeping          ||     3
Armor: Leather armour    ||    13
Dodge: Dodged            ||    50

Table legend: (Time is in decaauts)
 A = Elapsed time spent in this place.
 B = Non-inter-level travel time spent in this place.
 C = Inter-level travel time spent in this place.
 D = Time resting spent in this place.
 E = Time spent auto-exploring this place.
 F = Levels seen in this place.
 G = Mean time per level.
                   A        B        C        D        E       F      G
               +--------+--------+--------+--------+--------+-----+--------+
         Total |   1076 |   1076 |      0 |      0 |    892 |   3 |  358.7 |
       Dungeon |   1076 |   1076 |      0 |      0 |    892 |   3 |  358.7 |
               +--------+--------+--------+--------+--------+-----+--------+

Top non-repeatable levels by time:
     D:3: 1020 daAuts
     D:5: 41 daAuts
     D:4: 13 daAuts
